 Dungeon Crawl Stone Soup version 0.32-a0-928-g1cae6b7ea0 (webtiles) character file.

Game seed: 3700701026590310435

27592 adeline the Bludgeoner (level 13, -3/110 HPs)
             Began as a Mountain Dwarf Fighter on Apr 13, 2024.
             Was a High Priest of Okawaru.
             Slain by a nine-headed hydra (10 damage)
             ... on level 3 of the Lair of Beasts.
             The game lasted 00:50:28 (16538 turns).

adeline the Bludgeoner (Mountain Dwarf Fighter)    Turns: 16538, Time: 00:50:29

Health: -3/110     AC: 28    Str: 30    XL:     13   Next: 5%
Magic:  12/14      EV: 11    Int:  9    God:    Okawaru [*****.]
Gold:   671        SH: 15    Dex: 13    Spells: 11/12 levels left

rFire   + . .        t - +0 flail (protect)
rCold   . . .        h - +0 kite shield
rNeg    . . .        A - +4 scale mail "Temow" {rPois Dex+4 SInv}
rPois   +            (no helmet)
rElec   .            Z - +0 cloak
rCorr   .            N - +1 pair of gloves
SInv    +            v - +2 pair of boots
Will    +....        O - amulet of faith
Stlth   ++           T - +6 ring of strength
HPRegen 0.38/turn    B - ring of protection from fire
MPRegen 0.14/turn

%: faith
@: heroic, under a protective aura
A: runic magic, artefact enchanting
a: Renounce Religion, Heroism, Finesse, Duel


You were on level 3 of the Lair of Beasts.
You worshipped Okawaru.
Okawaru was extremely pleased with you.
You visited 4 branches of the dungeon, and saw 16 of its levels.

You collected 1158 gold pieces.
You spent 487 gold pieces at shops.

Inventory:

Hand Weapons
 t - a +0 flail of protection (weapon)
 y - a +1 heavy flail
Missiles
 V - a datura-tipped dart (quivered)
 W - 5 atropa-tipped darts
 X - 2 throwing nets
Armour
 h - a +0 kite shield (worn)
 v - a +2 pair of boots (worn)
 A - the +4 scale mail "Temow" (worn) {rPois Dex+4 SInv}
   (You found it on level 6 of the Dungeon)

   Dex+4:     It affects your dexterity (+4).
   rPois:     It protects you from poison.
   SInv:      It lets you see invisible.
 N - a +1 pair of gloves (worn)
 Z - a +0 cloak (worn)
Magical Staves
 b - a staff of conjuration
 i - a staff of cold
 u - a staff of fire
 C - a staff of cold
 L - a staff of cold
Jewellery
 a - a ring of ice
 e - a +5 ring of evasion
 g - an amulet of regeneration
 l - a ring of poison resistance
 r - a ring of willpower
 B - a ring of protection from fire (right hand)
 O - an amulet of faith (around neck)
 T - a +6 ring of strength (left hand)
Talismans
 j - a maw talisman
Wands
 D - a wand of iceblast (13)
 E - a wand of flame (33)
 H - a wand of paralysis (20)
 J - a wand of digging (11)
Scrolls
 f - a scroll of immolation
 n - 5 scrolls of teleportation
 o - 2 scrolls of vulnerability
 w - a scroll of fog
 z - 3 scrolls of identify
 F - a scroll of revelation
 K - 2 scrolls of fear
 S - 2 scrolls of poison
 Y - a scroll of amnesia
Potions
 c - a potion of ambrosia
 d - 2 potions of might
 k - 6 potions of brilliance
 m - 2 potions of enlightenment
 p - 3 potions of resistance
 q - 2 potions of curing
 s - 2 potions of haste
 P - 2 potions of cancellation
 Q - 2 potions of magic
Miscellaneous
 U - a lightning rod (2/4)


   Skills:
 + Level 8.8(13.8) Fighting
 * Level 16.1(21.1) Maces & Flails
 + Level 9.5(14.5) Armour
 + Level 1.6(6.6) Stealth
 * Level 15.2(20.2) Shields
 + Level 1.4 Invocations
 + Level 1.0 Evocations


You had 11 spell levels left.
You knew the following spells:

 Your Spells              Type           Power      Damage    Failure   Level
a - Magic Dart            Conj           0%         1d3       50%         1

Your spell library contained the following spells:

 Spells                   Type           Power      Damage    Failure   Level
 Foxfire                  Conj/Fire      0%         2x1d4     50%         1
 Kiss of Death            Conj/Necr      0%         2d5       50%         1
 Blink                    Tloc           0%         N/A       63%         2
 Ensorcelled Hibernation  Hex/Ice        0%         N/A       63%         2
 Confusing Touch          Hex            0%         N/A       86%         3
 Fugue of the Fallen      Necr           0%         N/A       86%         3
 Inner Flame              Hex/Fire       0%         N/A       86%         3
 Ozocubu's Armour         Ice            0%         N/A       86%         3
 Anguish                  Hex/Necr       0%         N/A       99%         4
 Dispel Undead            Necr           0%         3d6       99%         4
 Flame Wave               Conj/Fire      0%         2d4       99%         4
 Sticky Flame             Fire/Alch      0%         2d4       99%         4
 Plasma Beam              Fire/Air       0%         2x1d10    100%        6
 Starburst                Conj/Fire      0%         6d3       100%        6
 Manifold Assault         Tloc           0%         N/A       100%        7
 Call Imp                 Summ           Unusable   N/A       N/A         2
 Summon Forest            Summ/Tloc      Unusable   N/A       N/A         5
 Summon Mana Viper        Hex/Summ       Unusable   N/A       N/A         5
 Summon Cactus Giant      Summ           Unusable   N/A       N/A         6

Dungeon Overview and Level Annotations

Branches:
Dungeon (11/15)            Temple (1/1) D:4            Lair (3/5) D:11
 Shoals (1/4) Lair:3        Snake (0/4) Lair:3
    Orc: D:9-12

Altars:
Ashenzari
Cheibriados
Dithmenos
Elyvilon
Fedhas
Gozag
Hepliaklqana
Kikubaaqudgha
Makhleb
Nemelex Xobeh
Okawaru
Qazlal
Ru
Sif Muna
Trog
Uskayaw
Vehumet
Wu Jian
Xom
Yredelemnul
Zin
The Shining One

Shops:
D:5 !   D:11 =


Innate Abilities, Weirdness & Mutations

Your spellcasting is much less encumbered by armour.
You can use scrolls of enchantment on lesser artefacts.


Message History

You block the nine-headed hydra's attack.
You gain the combat prowess of a mighty hero.
The nine-headed hydra bites you but does no damage.
You block the nine-headed hydra's attack.
The nine-headed hydra bites you but does no damage.
You block the nine-headed hydra's attack.
The nine-headed hydra bites you.
* * * LOW HITPOINT WARNING * * *
You block the nine-headed hydra's attack.
The nine-headed hydra bites you but does no damage. x2
The nine-headed hydra barely misses you.
You feel better. The nine-headed hydra bites you.
* * * LOW HITPOINT WARNING * * *
The nine-headed hydra barely misses you.
You block the nine-headed hydra's attack.
The nine-headed hydra bites you but does no damage.
You block the nine-headed hydra's attack. x2
The nine-headed hydra barely misses you.
The nine-headed hydra bites you but does no damage. x2
You completely miss the nine-headed hydra.
The nine-headed hydra is heavily wounded.
You block the nine-headed hydra's attack.
The nine-headed hydra bites you but does no damage. x2
The nine-headed hydra bites you.
* * * LOW HITPOINT WARNING * * *
You block the nine-headed hydra's attack. x2
The nine-headed hydra bites you but does no damage.
The nine-headed hydra bites you.
* * * LOW HITPOINT WARNING * * *
The nine-headed hydra bites you but does no damage.
You bludgeon the nine-headed hydra!!
The nine-headed hydra is severely wounded.
A cane toad comes into view.
The cane toad gives a loud, deep croak!
You hit the nine-headed hydra.
The nine-headed hydra is severely wounded.
The nine-headed hydra bites you.
* * * LOW HITPOINT WARNING * * *
The nine-headed hydra bites you!
You die...

#..## #....#...........##......##
...# #....#.....#.....F##......'
#### ##.........#.......#..##....
##.........##.......#.######.
#####..P.P..............#.......#
#.#..#............[..............
.................................
................D..........>...≈.
................@...............#
.............#..#.....>......#..≈
............#...............≈#...
##.#.#......................≈#...
##.#.##.....#.........####..≈#...
#......#..............###...≈####
....)......#....#.....##....≈≈≈≈≈
......##....#....#....##.........
............#...#.....##...#.#...


You could see a nine-headed hydra and a cane toad.

Vanquished Creatures
  The ghost of Livid the Fencer, a journeyman TeMo of Wu Jian (Lair:3)
  Fannar (Lair:3)
  Harold (Lair:1)
  The ghost of kd29 the Arsonist, a journeyman MDFE of Ashenzari (Lair:1)
  3 hydras
  A two-headed ogre (D:10)
  Lodul (Arena)
  A skyshark (Lair:3)
  An ugly thing (D:11)
  A cyclops (D:11)
  3 elephants (Lair:2)
  Joseph (Lair:1)
  2 black mambas (Lair:3)
  7 cane toads
  A gargoyle (D:11)
  5 rime drakes
  8 komodo dragons
  A polar bear (D:11)
  3 trolls
  5 blink frogs (Lair:3)
  27 yaks
  2 basilisks
  A wyvern (D:10)
  2 vampire mosquitoes (D:11)
  2 steam dragons
  2 swamp worms (D:7)
  Menkaure (D:5)
  7 water moccasins
  3 black bears
  4 sky beasts
  6 orc warriors
  3 ice beasts
  10 ogres
  A centaur (D:9)
  4 wolves
  3 kobold brigands
  A phantom (D:4)
  10 bullfrogs
  3 gnoll sergeants
  3 scorpions
  4 wights (D:10)
  6 killer bees (D:8)
  2 howler monkeys
  A hound (D:5)
  2 jellies
  4 orc priests
  3 bombardier beetles
  A sleepcap (D:7)
  6 hell rats (Lair:3)
  3 iguanas
  10 orc wizards
  15 gnolls
  9 adders
  A shadow imp (D:5)
  3 white imps
  A ribbon worm (D:4)
  38 orcs
  9 bats
  7 endoplasms
  2 giant cockroaches
  12 hobgoblins
  2 jackals (D:3)
  5 quokkas
  5 ball pythons
  4 frilled lizards
  12 goblins
  25 kobolds
  7 rats
342 creatures vanquished.

Notes
Turn   | Place    | Note
-------+----------+-------------------------------------------
     0 | D:1      | adeline the Mountain Dwarf Fighter began the quest for the
                  | Orb.
     0 | D:1      | Reached XP level 1. HP: 19/19 MP: 1/1
    74 | D:1      | Reached XP level 2. HP: 25/26 MP: 2/2
   543 | D:1      | Reached skill level 3 in Maces & Flails
   716 | D:2      | Learned a level 1 spell: Magic Dart
   791 | D:2      | Reached XP level 3. HP: 31/31 MP: 3/3
  1407 | D:3      | Reached skill level 4 in Maces & Flails
  1407 | D:3      | Reached XP level 4. HP: 38/38 MP: 4/4
  2503 | D:4      | Found a staircase to the Ecumenical Temple.
  2515 | Temple   | Entered the Ecumenical Temple
  2584 | Temple   | Became a worshipper of Warmaster Okawaru
  2631 | D:4      | Noticed a phantom
  2643 | D:4      | Killed a phantom
  2644 | D:4      | Reached skill level 5 in Maces & Flails
  2644 | D:4      | Reached XP level 5. HP: 38/46 MP: 5/5
  2739 | D:4      | Reached skill level 6 in Maces & Flails
  2739 | D:4      | Reached XP level 6. HP: 52/52 MP: 6/6
  3248 | D:4      | Found a shimmering altar of Xom.
  3249 | D:4      | Found a basalt altar of Yredelemnul.
  3251 | D:4      | Found a sacrificial altar of Ru.
  3251 | D:4      | Found a radiant altar of Vehumet.
  3257 | D:4      | Reached * piety under Okawaru
  3310 | D:4      | Noticed a sky beast
  3324 | D:4      | Killed a sky beast
  3325 | D:4      | Reached skill level 7 in Maces & Flails
  3325 | D:4      | Reached XP level 7. HP: 55/59 MP: 7/7
  3537 | D:4      | Found a snail-covered altar of Cheibriados.
  3561 | D:5      | Entered Level 5 of the Dungeon
  3866 | D:5      | Reached skill level 8 in Maces & Flails
  3866 | D:5      | Noticed Menkaure
  3884 | D:5      | Killed Menkaure
  4050 | D:5      | Reached ** piety under Okawaru
  4062 | D:5      | Reached skill level 5 in Armour
  4066 | D:5      | Reached skill level 9 in Maces & Flails
  4066 | D:5      | Reached skill level 5 in Shields
  4066 | D:5      | Reached XP level 8. HP: 47/67 MP: 5/8
  4376 | D:5      | Found Lohyty's Distillery.
  4382 | D:5      | Bought a potion of heal wounds for 55 gold pieces
  4687 | D:6      | Reached skill level 5 in Fighting
  4692 | D:6      | Reached skill level 10 in Maces & Flails
  4798 | D:6      | Identified the +3 scale mail "Temow" {rPois Dex+4 SInv}
  5364 | D:6      | Reached *** piety under Okawaru
  5947 | D:7      | Reached XP level 9. HP: 69/74 MP: 9/9
  6282 | D:7      | Reached skill level 11 in Maces & Flails
  6722 | D:8      | Found a bloodstained altar of Trog.
  6790 | D:8      | Found a flagged portal.
  7320 | D:9      | Reached **** piety under Okawaru
  7345 | D:9      | Noticed a troll
  7357 | D:9      | Reached skill level 12 in Maces & Flails
  7398 | D:8      | Killed a troll
  7399 | D:8      | Reached XP level 10. HP: 30/83 MP: 10/10
  7636 | D:9      | Reached ***** piety under Okawaru
  8144 | D:9      | Found an ornate altar of the Wu Jian Council.
  8158 | D:9      | Found a glowing silver altar of Zin.
  8196 | D:10     | Entered Level 10 of the Dungeon
  8210 | D:10     | Reached skill level 10 in Shields
  8554 | D:10     | Noticed a two-headed ogre
  8563 | D:10     | Killed a two-headed ogre
  8564 | D:10     | Reached skill level 13 in Maces & Flails
  8776 | D:10     | Noticed Lodul
  8779 | D:10     | Received a gift from Okawaru
  8786 | Arena    | Entered the Arena
  8795 | Arena    | Killed Lodul
  8796 | Arena    | Reached skill level 1 in Invocations
  9186 | D:10     | Reached XP level 11. HP: 91/91 MP: 11/11
  9523 | D:10     | Identified the +1 pair of gloves "Yrchys Eckuk" {Int+4}
  9767 | D:11     | Reached skill level 1 in Stealth
 10120 | D:11     | Noticed a green ugly thing
 10143 | D:11     | Killed a green ugly thing
 10263 | D:11     | Found a staircase to the Lair.
 10309 | D:11     | Reached skill level 14 in Maces & Flails
 10411 | D:11     | Identified the +2 short sword "Yhopoete" {freeze, Int+2
                  | SInv Stlth-}
 10509 | D:11     | Found Heclyximp's Jewellery Boutique.
 10516 | D:11     | Bought a +6 ring of strength for 432 gold pieces
 10722 | Lair:1   | Entered Level 1 of the Lair of Beasts
 10757 | Lair:1   | Found a large runed translucent door.
 10757 | Lair:1   | Found a large runed translucent door.
 10760 | Lair:1   | Noticed kd29's ghost (journeyman MDFE)
 10794 | Lair:1   | Killed kd29's ghost
 11001 | Lair:1   | Received a gift from Okawaru
 11727 | Lair:1   | Reached skill level 15 in Maces & Flails
 11779 | Lair:1   | Noticed Harold
 11803 | Lair:1   | Killed Harold
 11803 | Lair:1   | Received a gift from Okawaru
 12116 | Lair:1   | Noticed Joseph
 12135 | Lair:1   | Killed Joseph
 12136 | Lair:1   | Reached XP level 12. HP: 51/101 MP: 12/12
 12691 | Lair:2   | Noticed an eight-headed hydra
 12712 | Lair:2   | Killed an eight-headed hydra
 12712 | Lair:2   | Received a gift from Okawaru
 13451 | Lair:2   | Received a gift from Okawaru
 13456 | Lair:2   | Noticed a four-headed hydra
 13470 | Lair:2   | Killed a four-headed hydra
 14626 | Lair:3   | Received a gift from Okawaru
 14799 | Lair:3   | Found a staircase to the Snake Pit.
 14927 | Lair:3   | Found a staircase to the Shoals.
 14984 | Lair:3   | Found a runed translucent gate.
 14984 | Lair:3   | Found a runed translucent gate.
 14992 | Lair:3   | Found a runed translucent gate.
 14995 | Lair:3   | Noticed a nine-headed hydra
 14995 | Lair:3   | Noticed Livid's ghost (journeyman TeMo)
 14998 | Lair:3   | Noticed an 11-headed hydra
 15489 | Lair:3   | Killed Livid's ghost
 15490 | Lair:3   | Reached skill level 16 in Maces & Flails
 15490 | Lair:3   | Reached skill level 15 in Shields
 15680 | Lair:3   | Killed an 11-headed hydra
 15939 | Lair:3   | Reached XP level 13. HP: 110/110 MP: 14/14
 16009 | Lair:3   | Noticed Fannar
 16029 | Lair:3   | Killed Fannar
 16030 | Lair:3   | Reached skill level 1 in Evocations
 16218 | Shoals:1 | Entered Level 1 of the Shoals
 16538 | Lair:3   | Slain by a nine-headed hydra

Illustrated notes

Levels and vault maps discovered:
D:1:      saegor_arrival_simple_d, layout_basic, minivault_4, dk_noncrumbling_2,
          chequers_mini_garden, minmay_tetromino_i2
D:2:      layout_basic, st_stairs_1
D:3:      layout_basic, lexackson_kobold_supper
D:4:      minmay_recursive_quarters, layout_loops_cross,
          chequers_temple_overflow_statue_of_worship,
          nicolae_overflow_hidden_temple, minmay_temple_entry_gardened_gates,
          grunt_decor_one_mirror, kennysheep_generic_room_5
D:5:      layout_gridville, serial_library,
          serial_library_hellmonk_reading_circle,
          serial_library_hellmonk_big_corner, serial_library_regret_index_multi,
          serial_library_hellmonk_recessed_alcove,
          serial_library_hellmonk_octagon, serial_library_hellmonk_small_alcove,
          serial_shops, kennysheep_mini, uniq_menkaure
D:6:      layout_layer_cave
D:7:      layout_cave_pods, worms_lemuel
D:8:      layout_rooms, mainiacjoe_overflow_boulevard, serial_glass,
          glass_columns_a, glass_columns_b, enter_bailey_5
D:9:      layout_small_grid, jmf_multi_god_temple2, kb_lookout_dungeons_type,
          nicolae_the_louvre
D:10:     layout_grid_maze, uniq_lodul
D:11:     layout_basic, hellmonk_lair_entry_icy, serial_shops, shop
Temple:   eino_temple_lava
Lair:1:   layout_layer_cave, ebering_ghost_disaster_area, serial_forest,
          infiniplex_forest_pool, infiniplex_forest_lined_room_2,
          infiniplex_forest_end_2, infiniplex_forest_end_1,
          infiniplex_forest_lined_4_way, infiniplex_forest_lined_corner,
          infiniplex_forest_clump_large, infiniplex_forest_end_2,
          grunt_megastairs_5, lemuel_fruit_fields, uniq_joseph, uniq_harold
Lair:2:   layout_gridlike
Lair:3:   layout_regular_city, elwin_shoals_entry_rocks, dummy_snake_entry,
          serial_forest, infiniplex_forest_end_double,
          infiniplex_forest_clump_long, infiniplex_forest_clump_small,
          infiniplex_forest_corner_2, infiniplex_forest_lined_2,
          infiniplex_forest_end_1, gammafunk_ghost_hydra_chop,
          portal_ice_cave_rime, beast_lair_carwin_6, uniq_fannar
Shoals:1: layout_shoals, serial_shops, nicolae_shop_tiny_real_fake_doors,
          nicolae_shoals_shepherds

Skill      XL: |  1  2  3  4  5  6  7  8  9 10 11 12 13 |
---------------+----------------------------------------+-----
Maces & Flails | 3 4 5 6 7 9 10 12 13 15 16 | 16.1
Armour         | 4 5 6 7 8 9 |  9.5
Shields        | 4 5 6 8 11 12 15 | 15.2
Fighting       | 4 5 6 7 8 |  8.8
Invocations    | 1 |  1.4
Stealth        | 1 |  1.6
Evocations     | 1 |  1.0

Action                     |  1- 3 |  4- 6 |  7- 9 | 10-12 | 13-15 || total
---------------------------+-------+-------+-------+-------+-------++-------
  Melee: Flail             |   130 |   210 |   374 |   912 |    42 ||  1668
 Invoke: Heroism           |       |       |     5 |     7 |     2 ||    14
         Duel              |       |       |       |     1 |       ||     1
  Evoke: Wand              |       |       |       |     1 |       ||     1
         Lightning rod     |       |       |       |     8 |       ||     8
    Use: Scroll            |     4 |     3 |     6 |    15 |     1 ||    29
         Potion            |       |     1 |     3 |     4 |     2 ||    10
 Armour: Scale mail        |    99 |   136 |   322 |   681 |   117 ||  1355
  Dodge: Dodged            |   175 |   168 |   358 |   398 |    52 ||  1151
  Block: Buckler           |    45 |    63 |    24 |       |       ||   132
         Kite shield       |       |       |   260 |   678 |   102 ||  1040

Table legend: (Time is in decaauts)
 A = Elapsed time spent in this place.
 B = Non-inter-level travel time spent in this place.
 C = Inter-level travel time spent in this place.
 D = Time resting spent in this place.
 E = Time spent auto-exploring this place.
 F = Levels seen in this place.
 G = Mean time per level.
                   A        B        C        D        E       F      G
               +--------+--------+--------+--------+--------+-----+--------+
         Total |  16559 |  16212 |    347 |   1515 |   9838 |  17 |  974.1 |
       Dungeon |  10781 |  10444 |    337 |    252 |   6850 |  11 |  980.1 |
        Temple |     82 |     82 |      0 |      0 |      0 |   1 |   82.0 |
          Lair |   5663 |   5653 |     10 |   1259 |   2987 |   3 | 1887.7 |
        Shoals |      7 |      7 |      0 |      0 |      0 |   1 |    7.0 |
         Arena |     25 |     25 |      0 |      4 |      0 |   1 |   25.0 |
               +--------+--------+--------+--------+--------+-----+--------+

Top non-repeatable levels by time:
  Lair:3: 2493 daAuts
  Lair:1: 2134 daAuts
    D:10: 1522 daAuts
     D:6: 1306 daAuts
     D:3: 1127 daAuts
  Lair:2: 1035 daAuts
     D:5: 1006 daAuts
     D:4: 990 daAuts
    D:11: 963 daAuts
     D:7: 908 daAuts
     D:9: 851 daAuts
     D:2: 819 daAuts
     D:8: 671 daAuts
     D:1: 614 daAuts
  Temple: 82 daAuts
